 Dungeon Crawl Stone Soup version 0.28.0-1-gb440e238dd (webtiles) character file.

Game seed: 2788245915854132402

86 spaghetti the Vandal (level 4, -3/35 HPs)
             Began as a Demonspawn Wanderer on Feb 21, 2022.
             Was a Follower of Wu Jian.
             Slain by Sigmund (7 damage)
             ... on level 2 of the Dungeon.
             The game lasted 00:05:05 (2200 turns).

spaghetti the Vandal (Demonspawn Wanderer)          Turns: 2200, Time: 00:05:06

Health: -3/35      AC:  3    Str: 10 (11) XL:     4   Next: 27%
Magic:  4/4        EV: 10    Int: 11 (13) God:    Wu Jian [*.....]
Gold:   65         SH:  0    Dex: 19 (20) Spells: 3/3 levels left

rFire   . . .      SeeInvis .   b - +0 falchion
rCold   . . .      Faith    .   (no shield)
rNeg    . . .      Spirit   .   d - +0 leather armour
rPois   .          Reflect  .   (helmet restricted)
rElec   .          Harm     .   (no cloak)
rCorr   .          Rampage  .   (no gloves)
Will    .....      Clarity  +   (no boots)
Stlth   ++........              (no amulet)
HPRegen 0.11/turn               (no ring)
MPRegen 0.09/turn               (no ring)

@: no status effects
A: antennae 1, thin skeletal structure 1, clarity, clever 1
a: Renounce Religion


You were on level 2 of the Dungeon.
You worshipped Wu Jian.
Wu Jian was aware of your devotion.
You visited 1 branch of the dungeon, and saw 2 of its levels.

You collected 65 gold pieces.

Inventory:

Hand Weapons
 a - a +3 hunting sling
 b - a +0 falchion (weapon)
Missiles
 c - 14 sling bullets
 e - 51 stones (quivered)
 i - 5 datura-tipped darts
Armour
 d - a +0 leather armour (worn)
 m - a +0 helmet
Scrolls
 f - a scroll of vulnerability {unknown}
 j - a scroll of magic mapping {unknown}
 k - a scroll of teleportation {unknown}
Potions
 g - a potion of mutation


   Skills:
 - Level 3.0 Fighting
 - Level 1.7 Long Blades
 + Level 5.3 Slings
 - Level 1.0 Armour


You had 3 spell levels left.
You didn't know any spells.
Your spell library was empty.

Dungeon Overview and Level Annotations

Branches:
Dungeon (2/15)

Altars:
Wu Jian

Shops:
D:2 [

Annotations:
D:2 Sigmund


Innate Abilities, Weirdness & Mutations

You have a pair of small antennae on your head.
You have a somewhat thin skeletal structure. (Dex +2, Stealth+)
You possess an exceptional clarity of mind.
Your mind is acute. (Int +2)


Message History

Sigmund points at you and mumbles some strange words.
You resist with some effort. The bat closely misses you.
Sigmund gestures wildly while chanting.
Sigmund flickers and vanishes!
Deactivating autopickup; reactivate with Ctrl-A.
You miss something. The bat hits you but does no damage.
Unknown command.
You barely miss the bat.
You flicker for a moment.
The bat barely misses you.
You hear some strange, mumbled words.
A puff of flame appears from out of thin air!
The puff of flame misses you.
You lunge at the bat.
You closely miss the bat. The bat hits you.
You spin and attack the bat.
You hit the bat.
You kill the bat!
The Council accepts your kill.
You hear some strange, mumbled words.
You are confused.
Something hits you.
A quokka comes into view.
You flicker back into view.
Something hits you!
You miss something.
You feel less confused.
You hit something but do no damage. Something hits you!
You closely miss something. Something hits you!
* * * LOW HITPOINT WARNING * * *
It was a potion of degeneration.
There was something very wrong with that liquid.
You feel weakened.
You feel dopey.
You feel clumsy. Something hits you but does no damage.
It was a potion of mutation.
You feel extremely strange.
Your thoughts seem clearer.
You feel clever.
Unknown command.
Okay, then.
Okay, then.
You aren't carrying any items that you can evoke.
You hit something. Something hits you!
You die...

####### ###
##.....#######..
######...............
........#############
.######<# # #.# # #.#
# ###.######.########
# ......{@..........#
# ....###.....#.###.#
# r #..†.##.# #
#.....###.## # #
#.###.##.#.##.######
#.#.#...###.........
#.....##.#.#########
.........##
#...###.##


You could see a quokka (asleep).

Vanquished Creatures
  3 adders (D:2)
  A worm (D:2)
  4 dart slugs (D:1)
  5 ball pythons
  5 bats
  6 endoplasms
  3 giant cockroaches
  2 goblins (D:1)
  4 hobgoblins
  4 quokkas
  3 frilled lizards
  A kobold (D:2)
  8 rats
49 creatures vanquished.

Notes
Turn   | Place    | Note
-------+----------+-------------------------------------------
     0 | D:1      | spaghetti the Demonspawn Wanderer began the quest for the
                  | Orb.
     0 | D:1      | spaghetti set off with the following items: a +3 hunting
                  | sling, 20 sling bullets, a +0 falchion, a +0 leather armour
     0 | D:1      | Reached XP level 1. HP: 18/18 MP: 1/1
    40 | D:1      | Reached skill level 4 in Slings
    71 | D:1      | Gained mutation: You have a somewhat thin skeletal
                  | structure. (Dex +2, Stealth+) [demonic ancestry]
    71 | D:1      | Reached XP level 2. HP: 24/24 MP: 2/2
   616 | D:1      | Gained mutation: You have a pair of small antennae on your
                  | head. [demonic ancestry]
   616 | D:1      | Reached XP level 3. HP: 29/29 MP: 3/3
   833 | D:1      | Found a faded altar of an unknown god.
   851 | D:1      | Prayed at the altar of an unknown god.
   851 | D:1      | Became a worshipper of the Wu Jian Council
   851 | D:1      | Reached * piety under Wu Jian
  1419 | D:2      | Found Ecydgheg's Armour Shop.
  1421 | D:2      | Reached skill level 5 in Slings
  1452 | D:2      | Reached XP level 4. HP: 27/35 MP: 4/4
  1906 | D:2      | Hi Lenny
  2176 | D:2      | Noticed Sigmund
  2178 | D:2      | how are you lenny
  2178 | D:2      | also this guy is bad news
  2199 | D:2      | Gained mutation: You possess an exceptional clarity of
                  | mind. [potion of mutation]
  2199 | D:2      | Gained mutation: Your mind is acute. (Int +2) [potion of
                  | mutation]
  2200 | D:2      | Slain by Sigmund

Illustrated notes #.#.......÷...# #.# #.######.####.# #.# ..# #....#.# #<# ### ####.#.# #.# #.#.# #.# #.#.# #.# #.#.# ####.# #.#.# #....# #@#.# #.#### #r#.# #.# #(#.# #.# ## #.#.# #.# .### #.#.# #.# ...# #. ..#.# #.# ##.# #.# ###.# #.# #.# #.# #># #.# ##.# #.# #.# #.#### Turn 1906 on D:2: Hi Lenny

####### ########
##.....#######.......
######................####
........#############.#
.######<# #.# #.# #.# #.#
#.#### #####b########
#.##.. .......@.....#
#.##.# ##.....#.###.#
#.##.# #....##.# #.##.#
..@..###.## # #.##.#
.###.##.#.##.######.##.#
.#.# ..###..............
.....##.#.##########.#.#
.........## #.#.#
#...###.## #.#.#


Turn 2178 on D:2: how are you lenny

Levels and vault maps discovered:
D:1:      minmay_arrival_stair_chambers, layout_loops_corners,
          ebering_ecumenical_altar_abandoned
D:2:      layout_loops_ring, serial_shops, nicolae_shop_waterfront, uniq_sigmund

Skill      XL: |  1  2  3 |
---------------+----------+-----
Slings         | 4 5 |  5.3
Fighting       | |  3.0
Long Blades    | |  1.7
Armour         | |  1.0

Action                   |  1- 3 |  4- 6 || total
-------------------------+-------+-------++-------
Melee: Falchion          |    38 |    54 ||    92
 Fire: Hunting sling     |    44 |       ||    44
Invok: Lunge             |     3 |    10 ||    13
       Whirlwind         |       |     1 ||     1
  Use: Potion            |       |     3 ||     3
       Scroll            |       |     1 ||     1
 Stab: Sleeping          |     7 |     5 ||    12
Armor: Leather armour    |    10 |    19 ||    29
Dodge: Dodged            |    16 |    26 ||    42
